 Dungeon Crawl Stone Soup version 0.26-a0-591-g04f19ec95a (webtiles) character file.

Game seed: 9216422019463892724

48 Descartes the Ducker (level 3, -5/16 HPs)
             Began as a Felid Transmuter on Aug 24, 2020.
             Slain by a worm (9 damage)
             ... on level 3 of the Dungeon.
             The game lasted 00:04:45 (2649 turns).

Descartes the Ducker (Felid Transmuter)             Turns: 2649, Time: 00:04:46

Health: -5/16      AC:  1    Str:  7    XL:     3   Next: 50%
Magic:  7/7        EV: 19    Int: 14    God:
Gold:   87         SH:  0    Dex: 16    Spells: 5/6 levels left
                                        Lives:  0   Deaths: 1

rFire    + . .     SeeInvis +     - Unarmed
rCold    . . .     Faith    .   (shield unavailable)
rNeg     . . .     Spirit   .   (armour unavailable)
rPois    .         Reflect  .   (helmet unavailable)
rElec    .         Harm     .   (cloak unavailable)
rCorr    .                      (gloves unavailable)
MR       .....                  (boots unavailable)
Stlth    +++.......             (no amulet)
HPRegen  0.05/turn              a - ring of protection from fire
MPRegen  0.10/turn              (no ring)

@: quick
A: very small, no armour, no weapons or thrown items, stealth, claws 1, fangs 3,
see invisible, speed 1, shaggy fur 1, sharp paws
a: no special abilities


You were on level 3 of the Dungeon.
You visited 1 branch of the dungeon, and saw 3 of its levels.

You collected 87 gold pieces.

Inventory:

Missiles
 c - 72 stones
 e - 25 arrows
Jewellery
 a - a ring of protection from fire (left paw)
Scrolls
 b - a scroll of noise {unknown}
 g - a scroll of fear
 h - a scroll of fog {unknown}
 k - a scroll of magic mapping {unknown}
 l - 2 scrolls of remove curse
Potions
 d - a potion of flight
 f - a potion of heal wounds
 i - a potion of berserk rage {unknown}
 j - 3 potions of curing


   Skills:
 + Level 2.0 Fighting
 + Level 3.7 Dodging
 + Level 2.5 Stealth
 + Level 3.5 Unarmed Combat
 - Level 2.0 Spellcasting
 + Level 3.0 Transmutations


You had 5 spell levels left.
You knew the following spells:

 Your Spells              Type           Power        Failure   Level
a - Beastly Appendage     Tmut           #.....       7%          1

Your spell library contained the following spells:

 Spells                   Type           Power        Failure   Level
 Wereblood                Tmut           #.......     11%         2
 Spider Form              Tmut/Pois      #.........   36%         3
 Ice Form                 Ice/Tmut       #.......     77%         4
 Blade Hands              Tmut           #.........   88%         5


Dungeon Overview and Level Annotations

Branches:
Dungeon (3/15)

Altars:
Makhleb

Annotations:
D:2 exclusion: ice beast
D:3 1 runed translucent door, Grinder


Innate Abilities, Weirdness & Mutations

You cannot wear armour.
You are incapable of wielding weapons or throwing items.
Your paws allow you to move quietly. (Stealth)
You have sharp claws.
You have razor-sharp teeth.
You have supernaturally acute eyesight. (SInv)
You cover ground quickly.
You are covered in fur. (AC +1)
Your sharp claws are effective at attacking unaware monsters.


Message History

The worm is lightly wounded.
The worm bites you.
* * * LOW HITPOINT WARNING * * *
You are too injured to fight recklessly!
You are too injured to fight recklessly!
You are too injured to fight recklessly!
You are too injured to fight recklessly!
You are too injured to fight recklessly!
You are too injured to fight recklessly!
You are too injured to fight recklessly!
You are too injured to fight recklessly!
You are too injured to fight recklessly!
You are too injured to fight recklessly!
You scratch the worm. You bite the worm, but do no damage.
The worm is moderately wounded.
You scratch the worm but do no damage.
The worm is moderately wounded.
The hobgoblin completely misses you. The worm bites you!
Ouch! That really hurt!
You die...

#.......# ..###.
###.##..# .......
#.##..# ...# #.
#.###.## ....# #.
#.# #..# ###.
###.###..### #...
#..........+ ...#.
#.#.......## #.
#.#@####...#
......gw#
#...#......
#####.#.#
#...+......#. #.#.#
#.#.#........ . #.#
#.#.. .....## ..
### #.##.#+#...# #.
. ...#..#.#...##
≈+.
####.#..#....#.....
..#.#..#.........#


You could see a worm and a hobgoblin.

Vanquished Creatures
  3 adders
  3 worms
  A dart slug (D:2)
  2 leopard geckos
  6 orcs (D:3)
  4 giant cockroaches
  5 goblins
  6 hobgoblins
  2 jackals (D:2)
  A quokka (D:2)
  7 bats
  2 frilled lizards
  5 kobolds
  5 rats
52 creatures vanquished.

Notes
Turn   | Place    | Note
-------+----------+-------------------------------------------
     0 | D:1      | Descartes the Felid Transmuter began the quest for the Orb.
     0 | D:1      | Reached XP level 1. HP: 9/9 MP: 4/4
   282 | D:1      | Reached XP level 2. HP: 12/12 MP: 6/6
   338 | D:1      | Reached skill level 1 in Stealth
   816 | D:2      | Found a burning altar of Makhleb.
   844 | D:2      | Reached XP level 3. HP: 15/15 MP: 7/7
  2039 | D:2      | Noticed an ice beast
  2162 | D:3      | Reached XP level 4. HP: 16/19 MP: 8/8
  2436 | D:3      | Noticed Grinder
  2440 | D:3      | Paralysed by Grinder for 4 turns
  2472 | D:3      | Slain by Grinder
  2473 | D:3      | Reached XP level 3. HP: -2/16 MP: 7/7
  2641 | D:3      | Found a runed translucent door.
  2649 | D:3      | Slain by a worm

Illustrated notes

Levels and vault maps discovered:
D:1:      giann_horns, layout_rooms
D:2:      cheibrodos_old_hovel, layout_basic, lemuel_doored_altar
D:3:      layout_basic, ebering_ghost_reflecting_pool, uniq_grinder

Skill      XL: |  1  2  3  4 |
---------------+-------------+-----
Dodging        | 3 |  3.7
Stealth        | 1 2 |  2.5
Fighting       | 2 |  2.0
Transmutations | 3 |  3.0
Unarmed Combat | |  3.5
Spellcasting   | |  2.0

Action                   |  1- 3 |  4- 6 || total
-------------------------+-------+-------++-------
Melee: Unarmed           |   140 |    55 ||   195
       Bite              |    12 |     4 ||    16
       Punch             |     2 |     1 ||     3
  Use: Potion            |     3 |     3 ||     6
       Scroll            |     3 |       ||     3
 Stab: Sleeping          |     9 |       ||     9
       Distracted        |     1 |       ||     1
Armor: Skin              |     7 |     2 ||     9
Dodge: Dodged            |   123 |    47 ||   170

Table legend: (Time is in decaauts)
 A = Elapsed time spent in this place.
 B = Non-inter-level travel time spent in this place.
 C = Inter-level travel time spent in this place.
 D = Time resting spent in this place.
 E = Time spent auto-exploring this place.
 F = Levels seen in this place.
 G = Mean time per level.
                   A        B        C        D        E       F      G
               +--------+--------+--------+--------+--------+-----+--------+
         Total |   2411 |   2382 |     29 |      0 |   1930 |   3 |  803.7 |
       Dungeon |   2411 |   2382 |     29 |      0 |   1930 |   3 |  803.7 |
               +--------+--------+--------+--------+--------+-----+--------+

Top non-repeatable levels by time:
     D:2: 1208 daAuts
     D:1: 713 daAuts
     D:3: 489 daAuts
